 Dungeon Crawl Stone Soup version 0.30-a0-591-g3c58d2bc28 (webtiles) character file.

Game seed: 15433592884504114658

23 pokeman the Magician (level 2, 0/16 HPs)
             Began as a Deep Elf Hedge Wizard on Jan 5, 2023.
             Slain by Natasha (4 damage)
             ... on level 1 of the Dungeon.
             The game lasted 00:01:04 (930 turns).

pokeman the Magician (Deep Elf Hedge Wizard)         Turns: 930, Time: 00:01:04

Health: 0/16       AC:  2    Str:  7    XL:     2   Next: 72%
Magic:  3/10       EV: 12    Int: 18    God:
Gold:   74         SH:  0    Dex: 14    Spells: 10/11 levels left

rFire   . . .      SeeInvis .    a - +0 dagger
rCold   . . .      Faith    .    (no shield)
rNeg    . . .      Spirit   .    b - +0 robe
rPois   .          Reflect  .    c - +0 hat
rElec   .          Harm     .    (no cloak)
rCorr   .          Rampage  .    (no gloves)
Will    .....                    (no boots)
Stlth   ++                       (no amulet)
HPRegen 0.22/turn                (no ring)
MPRegen 0.12/turn                (no ring)

@: slowed, very slow
A: no striking features
a: no special abilities


You were on level 1 of the Dungeon.
You visited 1 branch of the dungeon, and saw 2 of its levels.

You collected 74 gold pieces.

Inventory:

Hand Weapons
 a - a +0 dagger (weapon)
Armour
 b - a +0 robe (worn)
 c - a +0 hat (worn)
Magical Staves
 g - a staff of fire
Scrolls
 f - 2 scrolls of magic mapping {unknown}
Potions
 d - a potion of magic
 e - a potion of curing {unknown}


   Skills:
 + Level 0.6 Fighting
 + Level 0.6 Armour
 - Level 2.4 Dodging
 - Level 2.4 Stealth
 * Level 5.0 Spellcasting
 + Level 1.6 Conjurations
 - Level 1.1 Summonings
 - Level 1.1 Translocations


You had 10 spell levels left.
You knew the following spells:

 Your Spells              Type           Power      Damage    Failure   Level
a - Magic Dart            Conj           40%        1d5       7%          1

Your spell library contained the following spells:

 Spells                   Type           Power      Damage    Failure   Level
 Slow                     Hex            16%        N/A       13%         1
 Sting                    Tmut/Pois      16%        1d3       13%         1
 Blink                    Tloc           16%        N/A       13%         2
 Call Imp                 Summ           8%         N/A       13%         2
 Cigotuvi's Dreadful Rot  Necr/Pois/Air  8%         N/A       21%         2
 Poisonous Vapours        Pois/Air       8%         N/A       21%         2
 Gell's Gravitas          Tloc           8%         N/A       26%         3
 Lesser Beckoning         Tloc           16%        N/A       26%         3
 Teleport Other           Tloc           8%         N/A       26%         3
 Mephitic Cloud           Conj/Pois/Air  6%         N/A       32%         3
 Olgreb's Toxic Radiance  Pois           4%         N/A       78%         4


Dungeon Overview and Level Annotations

Branches:
Dungeon (2/15)

Altars:

Annotations:
D:1 Natasha
D:2 Robin


Message History

Aim: Natasha, carrying a wand of flame (11) (100% to hit)
The magic dart hits Natasha.
Natasha is lightly wounded.
Casting: Magic Dart (safe; 7% risk of failure)
Confirm with . or Enter, or press ? or * to list all spells.
Aiming: Magic Dart (safe; 7% risk of failure)
Press: ? - help, Shift-Dir - straight line, f/p - Natasha
Aim: Natasha, carrying a wand of flame (11) (lightly wounded, 100% to hit)
The magic dart hits Natasha but does no damage.
Natasha is lightly wounded.
Natasha zaps a wand.
The puff of flame hits you!
Ouch! That really hurt!
Unknown command.
Unknown command.
Unknown command.
The ball python bites you. The ball python misses you.
Natasha claws you but does no damage.
You climb upwards.
There is a stone staircase leading down here.
Casting: Magic Dart (safe; 7% risk of failure)
Confirm with . or Enter, or press ? or * to list all spells.
Aiming: Magic Dart (safe; 7% risk of failure)
Press: ? - help, Shift-Dir - straight line, f - ball python
Aim: a ball python (100% to hit)
The magic dart hits the ball python.
The ball python is severely wounded.
The ball python bites you.
* * * LOW HITPOINT WARNING * * *
The ball python grabs you. The ball python constricts you.
Natasha casts a spell at you.
You feel yourself slow down.
Casting: Magic Dart (safe; 7% risk of failure)
Confirm with . or Enter, or press ? or * to list all spells.
Aiming: Magic Dart (safe; 7% risk of failure)
Press: ? - help, Shift-Dir - straight line, f/p - ball python
Aim: a ball python (severely wounded, constricting you, 100% to hit)
The magic dart hits the ball python.
You kill the ball python!
Natasha claws you.
You die...

.#.#..#.#..#....#.#
.#.#..#)#..#.##.#.#
.#.#.......#......#
.#......#....##...#
......####........#
##.......#.#......#
...##.##.#.#......#
##.##.##.#.#.######
................@#
#............###h#
#.####.##).#.....#
#.# #.....#######
#.# ####.##
#.######..#
#.##.....##
#....#####
..#########


You could see Natasha.

Vanquished Creatures
  2 ball pythons (D:1)
  2 endoplasms (D:1)
  5 goblins
  A hobgoblin (D:1)
  A quokka (D:2)
  3 bats (D:1)
  2 frilled lizards (D:1)
  A kobold (D:1)
  5 rats (D:1)
22 creatures vanquished.

Notes
Turn   | Place    | Note
-------+----------+-------------------------------------------
     0 | D:1      | pokeman the Deep Elf Hedge Wizard began the quest for the
                  | Orb.
     0 | D:1      | Reached XP level 1. HP: 10/10 MP: 7/7
   187 | D:1      | Found a faded altar of an unknown god.
   305 | D:1      | Reached XP level 2. HP: 14/16 MP: 0/9
   921 | D:2      | Noticed Natasha
   925 | D:2      | Reached skill level 5 in Spellcasting
   927 | D:2      | Noticed Robin
   930 | D:1      | Slain by Natasha

Illustrated notes

Levels and vault maps discovered:
D:1:      ncdulo_watergridlock, layout_basic,
          shapermc_ecumenical_altar_mp_highgroup
D:2:      wander_river, layout_loops_ring, basic_altar, minmay_curled_crystal,
          grunt_ministairs_4, uniq_robin, uniq_natasha

Skill      XL: |  1  2 |
---------------+-------+-----
Spellcasting   | 5 |  5.0
Fighting       | |  0.6
Armour         | |  0.6
Dodging        | |  2.4
Stealth        | |  2.4
Conjurations   | |  1.6
Summonings     | |  1.1
Translocations | |  1.1

Action                   || total
-------------------------++-------
Melee: Dagger            ||    10
 Cast: Magic Dart        ||    45
Armor: Robe              ||     5
Dodge: Dodged            ||    10

Table legend: (Time is in decaauts)
 A = Elapsed time spent in this place.
 B = Non-inter-level travel time spent in this place.
 C = Inter-level travel time spent in this place.
 D = Time resting spent in this place.
 E = Time spent auto-exploring this place.
 F = Levels seen in this place.
 G = Mean time per level.
                   A        B        C        D        E       F      G
               +--------+--------+--------+--------+--------+-----+--------+
         Total |    930 |    924 |      6 |      0 |    829 |   2 |  465.0 |
       Dungeon |    930 |    924 |      6 |      0 |    829 |   2 |  465.0 |
               +--------+--------+--------+--------+--------+-----+--------+

Top non-repeatable levels by time:
     D:1: 924 daAuts
     D:2: 6 daAuts
